 Dungeon Crawl Stone Soup version 0.29.1-13-g9f3cf754e1 (webtiles) character file.

Game seed: 18013314428120022550

60 Exodus22XD the Covered (level 3, 33/33 HPs)
             Began as a Minotaur Fighter on Feb 5, 2023.
             Was a Follower of Jiyva.
             Quit the game on level 2 of the Dungeon.
             The game lasted 00:01:13 (1293 turns).

Exodus22XD the Covered (Minotaur Fighter)           Turns: 1293, Time: 00:01:13

Health: 33/33      AC:  8    Str: 22    XL:     3   Next: 82%
Magic:  2/2        EV:  9    Int:  5    God:    Jiyva [*.....]
Gold:   66         SH:  4    Dex:  9    Spells: 2/2 levels left

rFire   . . .      SeeInvis .   a - +0 war axe
rCold   . . .      Faith    .   c - +0 buckler
rNeg    . . .      Spirit   .   b - +0 scale mail
rPois   .          Reflect  .   (helmet restricted)
rElec   .          Harm     .   (no cloak)
rCorr   .          Rampage  .   (no gloves)
Will    .....                   i - +0 pair of boots
Stlth   ..........              (no amulet)
HPRegen 0.91/turn               (no ring)
MPRegen 0.33/turn               (no ring)

@: no status effects
A: horns 2, retaliatory headbutt
a: Renounce Religion


You were on level 2 of the Dungeon.
You worshipped Jiyva.
Jiyva was aware of your devotion.
You visited 1 branch of the dungeon, and saw 2 of its levels.

You collected 66 gold pieces.

Inventory:

Hand Weapons
 a - a +0 war axe (weapon)
Armour
 b - a +0 scale mail (worn)
 c - a +0 buckler (worn)
 i - a +0 pair of boots (worn)
Jewellery
 e - an amulet of magic regeneration
Scrolls
 f - a scroll of vulnerability {unknown}
 g - 2 scrolls of amnesia {unknown}
 j - a scroll of identify {unknown}
 k - a scroll of enchant armour {unknown}
Potions
 d - 2 potions of might
 h - a potion of brilliance {unknown}
 l - a potion of ambrosia {unknown}
 m - a potion of curing {unknown}


   Skills:
 + Level 4.1 Fighting
 + Level 3.4 Axes
 + Level 4.4 Armour
 + Level 4.1 Shields


You had 2 spell levels left.
You didn't know any spells.
Your spell library was empty.

Dungeon Overview and Level Annotations

Branches:
Dungeon (2/15)

Altars:
Jiyva


Innate Abilities, Weirdness & Mutations

You have a pair of horns on your head.
You reflexively headbutt those who attack you in melee.


Message History

The ball python hisses angrily.
There are monsters nearby!
You closely miss the adder. The adder barely misses you.
You furiously retaliate!
You headbutt the adder. The adder bites you but does no damage.
You closely miss the adder. You headbutt the adder!
You kill the adder!
Found 4 gold pieces.
You block the ball python's attack. The ball python grabs you.
The ball python constricts you.
There are monsters nearby!
You closely miss the ball python. Your headbutt misses the ball python.
The ball python closely misses you. The ball python constricts you.
The quokka bites you but does no damage.
You block the ball python's attack. The ball python constricts you.
You slash the ball python!
You kill the ball python!
You closely miss the quokka. The quokka bites you.
You closely miss the quokka. The quokka barely misses you.
The quokka misses you.
A quokka is nearby!
You closely miss the quokka. Your headbutt misses the quokka.
The quokka bites you but does no damage. x2
You slash the quokka!
You kill the quokka!
No target in view!
You now have 62 gold pieces (gained 8).
You see here a +0 war axe.
m - a lumpy grey potion You now have 66 gold pieces (gained 4).
There is an open door here.
You see here a worm corpse.
Found a faded altar of an unknown god.
There is a faded altar of an unknown god here.
You cannot tell which god this altar belongs to.
Convert to them anyway?
Jiyva accepts your prayer! Jiyva welcomes you!
Jiyva begins accelerating your health and magic regeneration.
Are you sure you want to abandon this character and quit the game? (Confirm with "yes".)
Okay, then.
Are you sure you want to abandon this character and quit the game? (Confirm with "yes".)

..≈≈≈≈#
...≈≈≈#
....≈≈#
#.....<#
.....≈#
......#
.....≈#
......#
..#..≈#
###.....#
.....≈# ##
#.#.......#
)...§≈# ##.#
#.#.......#
...§§§# ##@#
#.#.......#
...§≈§# #.##
#.#......#
§.§§≈≈# ##.##
#.#......#
§§§§≈≈# ##.#
#........#
####### #.##
#÷....#### #
#.#####.)...#
###
#.....<...>.#
..#
###..>......#
#.#
#......#### #


There were no monsters in sight!

Vanquished Creatures
  An adder (D:2)
  A worm (D:2)
  7 ball pythons
  4 endoplasms
  2 giant cockroaches
  3 hobgoblins
  6 quokkas
  7 bats
  5 frilled lizards
  3 goblins (D:1)
  5 kobolds
  2 rats
46 creatures vanquished.

Notes
Turn   | Place    | Note
-------+----------+-------------------------------------------
     0 | D:1      | Exodus22XD the Minotaur Fighter began the quest for the
                  | Orb.
     0 | D:1      | Reached XP level 1. HP: 19/19 MP: 0/0
   237 | D:1      | Reached XP level 2. HP: 27/27 MP: 1/1
   452 | D:1      | You fall into a shaft and drop 1 floor!
   507 | D:2      | Reached XP level 3. HP: 33/33 MP: 2/2
  1290 | D:2      | Found a faded altar of an unknown god.
  1292 | D:2      | Prayed at the altar of an unknown god.
  1292 | D:2      | Became a worshipper of Jiyva Jetops the Shapeless
  1292 | D:2      | Reached * piety under Jiyva
  1293 | D:2      | Quit the game

Illustrated notes

Levels and vault maps discovered:
D:1:      erik_arrival_orb_chamber, layout_loops_ring
D:2:      layout_basic, chequers_ecumenical_altar_twisty,
          dreamdust_wishing_well, hangedman_feature_mirror,
          small_statue_intersection, kennysheep_generic_room_2

Skill      XL: |  1  2  3 |
---------------+----------+-----
Armour         | 4 |  4.4
Fighting       | 4 |  4.1
Shields        | 4 |  4.1
Axes           | 3 |  3.4

Action                   || total
-------------------------++-------
Melee: War axe           ||    87
       Headbutt          ||    12
Armor: Scale mail        ||    42
Dodge: Dodged            ||    48
Block: Buckler           ||    15
